 Dungeon Crawl Stone Soup version 0.19-a0-1912-g48530cd (webtiles) character file.

5949 Firecrotchwizard the Cruncher (level 10, -8/93 HPs)
             Began as a Minotaur Gladiator on Dec 16, 2016.
             Was an Elder of Okawaru.
             Killed from afar by a deep elf mage (30 damage)
             ... with a bolt of lightning
             ... on level 9 of the Dungeon.
             The game lasted 00:18:53 (8284 turns).

Firecrotchwizard the Cruncher (Minotaur Gladiator)  Turns: 8284, Time: 00:18:56

Health: -8/93      AC: 13    Str: 22    XL:     10   Next: 54%
Magic:  12/12      EV: 12    Int:  5    God:    Okawaru [****..]
Gold:   548        SH:  0    Dex: 15    Spells: 9/9 levels left

rFire  . . .     SeeInvis +     a - +1 quarterstaff
rCold  + . .     Faith    .     v - +3 chain mail {rC+}
rNeg   . . .     Spirit   .     (shield currently unavailable)
rPois  .         Reflect  .     n - +0 hat
rElec  .                        (no cloak)
rCorr  .                        (no gloves)
MR     .....                    (no boots)
Stlth  ..........               (no amulet)
                                y - +3 ring of dexterity
                                F - ring of see invisible

@: no status effects
A: retaliatory headbutt, horns 2
a: Heroism, Renounce Religion


You were on level 9 of the Dungeon.
You worshipped Okawaru.
Okawaru was greatly pleased with you.
You were not hungry.

You visited 2 branches of the dungeon, and saw 10 of its levels.

You collected 548 gold pieces.

Inventory:

Hand Weapons
 a - a +1 quarterstaff (weapon)
Missiles
 e - 67 poisoned tomahawks (quivered)
 t - 206 tomahawks
Armour
 n - a +0 hat (worn)
 v - a +3 chain mail of cold resistance (worn)
Jewellery
 b - a -2 ring of strength
 s - an uncursed ring of ice
 y - a +3 ring of dexterity (right hand)
 F - a ring of see invisible (left hand)
 I - an uncursed amulet of magic regeneration
Wands
 q - a wand of polymorph (24/24)
 G - a wand of paralysis (10/24)
 H - a wand of flame (27/48)
Scrolls
 c - a scroll of fog
 g - 5 scrolls of identify
 h - 3 scrolls of immolation
 i - 2 scrolls of amnesia
 j - 2 scrolls of teleportation
 k - 2 scrolls of enchant weapon
 r - 2 scrolls of remove curse
 u - 2 scrolls of recharging
 E - a scroll of summoning {unknown}
 K - a scroll of magic mapping {unknown}
Potions
 f - 2 potions of haste
 l - 2 potions of lignification
 o - a potion of beneficial mutation {unknown}
 p - a potion of cure mutation {unknown}
 w - 2 potions of berserk rage
 x - 2 potions of curing
 z - 3 potions of resistance
 A - 2 potions of brilliance
 B - a potion of might {unknown}
 C - a potion of mutation {unknown}
 D - 4 potions of agility
Books
 d - Eliang's Handbook of Creative Cold
   (You found it on level 7 of the Dungeon)

   Spells                             Type                      Level
   a - Summon Small Mammal            Summoning                    1
   b - Ozocubu's Armour               Charms/Ice                   3
   c - Throw Icicle                   Conjuration/Ice              4
   d - Ice Form                       Ice/Transmutation            4
   e - Aura of Abjuration             Summoning                    5
 m - a book of Death

   Spells                             Type                      Level
   a - Corpse Rot                     Necromancy                   2
   b - Sublimation of Blood           Necromancy                   2
   c - Agony                          Necromancy                   5
   d - Dispel Undead                  Necromancy                   5
   e - Excruciating Wounds            Charms/Necromancy            5
   f - Bolt of Draining               Conjuration/Necromancy       5


   Skills:
 * Level 9.9 Fighting
 * Level 10.3 Staves
 - Level 3.1 Throwing
 + Level 6.3 Armour
 + Level 6.7 Dodging
 + Level 4.2 Earth Magic
 + Level 5.0 Evocations


You had 9 spell levels left.
You didn't know any spells.

Dungeon Overview and Level Annotations

Branches:
Dungeon (9/15)             Temple (1/1) D:5             Orc (0/2) D:9
   Lair: D:-1         Crypt: Vaults:-1     Tomb: Vaults:-1

Altars:
Ashenzari
Dithmenos
Hepliaklqana
Kikubaaqudgha
Okawaru
Qazlal
Ru
Sif Muna
Trog
Vehumet

Shops:
D:4 *   D:5 *   D:9 [


Innate Abilities, Weirdness & Mutations

You reflexively headbutt those who attack you in melee.
You have a pair of horns on your head.


Message History

The ice devil hits you (3). The ice devil freezes you (10)! You resist.
The deep elf mage hits you with a short sword (3).
You closely miss the deep elf mage. You headbutt the deep elf mage (7)!
The deep elf mage is moderately wounded.
The ice devil hits you (3). The ice devil freezes you (7)! You resist.
* * * LOW HITPOINT WARNING * * *
You hit the deep elf mage (2).
The deep elf mage is moderately wounded.
The deep elf mage barely misses you.
You sock the deep elf mage (13)!
The deep elf mage is severely wounded.
The ice devil closely misses you.
The deep elf mage hits you but does no damage.
You sock the deep elf mage (12)! You headbutt the deep elf mage (2).
The deep elf mage is almost dead.
The ice devil barely misses you. You furiously retaliate!
You headbutt the ice devil (7)!
The deep elf mage points at you and mumbles some strange words.
The bolt of lightning hits you!
You die...

.#. ####.... .#.. ### ##.#.
.##. #.## #... ..#..###
#..## ##########.. ..#.e#.##
#...###......##...
..##o'..##
#..†.....?....#.#. ..# #...#
#...#)......)...). ###
##o########..##..........###
#.........#@..#..........#
###.......4e..#..........#
####....#...#..........#
######..###.....<..##
...##..........#
#####..........#
#..........# #..........#
#..........#


You could see an ice devil and a deep elf mage.

Vanquished Creatures
  A death yak (D:9)
  A cyclops (D:9)
  Grinder (D:4)
  A human (D:7)
  A black mamba skeleton (D:9)
  4 hogs (D:7)
  An angry ghost (D:8)
  3 vampire mosquitoes
  Menkaure (D:5)
  3 water moccasins
  A spiny frog zombie (D:7)
  2 orc warriors
  3 phantoms
  2 black bears
  2 centaurs (D:9)
  4 ogres
  Blork the orc (D:4)
  A wyvern zombie (D:6)
  2 wyvern skeletons
  A water moccasin zombie (D:8)
  A scorpion (D:7)
  7 wights
  2 howler monkeys
  2 crimson imps
  3 centaur zombies
  A quasit (D:7)
  A bullfrog skeleton (D:5)
  3 orc priests
  Jessica (D:3)
  Natasha (twice) (D:4)
  Terence (D:3)
  2 iguanas
  9 orc wizards
  3 worker ants
  A hound zombie (D:5)
  A howler monkey zombie (D:5)
  4 gnolls (D:3)
  8 adders
  An ooze (D:1)
  2 dart slugs (D:1)
  9 leopard geckos
  28 orcs
  10 giant cockroaches
  6 goblins
  4 hobgoblins
  6 jackals
  2 quokkas
  7 bats
  3 frilled lizards
  10 kobolds
  2 leopard gecko skeletons (D:5)
  10 rats
  3 rat zombies (D:8)
191 creatures vanquished.

Notes
Turn   | Place    | Note
-------+----------+-------------------------------------------
     0 | D:1      | Firecrotchwizard the Minotaur Gladiator began the quest for the Orb.
     0 | D:1      | Reached XP level 1. HP: 18/18 MP: 0/0
    18 | D:1      | Reached XP level 2. HP: 25/25 MP: 1/1
   496 | D:1      | Reached skill level 4 in Staves
   516 | D:1      | Reached XP level 3. HP: 21/31 MP: 2/2
   692 | D:1      | Found a shattered altar of Ashenzari.
  1283 | D:2      | Found a shadowy altar of Dithmenos.
  1419 | D:2      | Found a bloodstained altar of Trog.
  1460 | D:2      | Reached XP level 4. HP: 40/40 MP: 3/3
  1582 | D:2      | Found a faded altar of an unknown god.
  1594 | D:2      | Reached skill level 1 in Armour
  1866 | D:2      | Found a hazy altar of Hepliaklqana.
  1955 | D:3      | Noticed Jessica
  1961 | D:3      | Killed Jessica
  2044 | D:3      | Reached XP level 5. HP: 46/46 MP: 4/4
  2178 | D:3      | Noticed Terence
  2189 | D:3      | Killed Terence
  2214 | D:3      | Reached skill level 1 in Evocations
  2408 | D:3      | Reached skill level 5 in Staves
  2586 | D:4      | Noticed Grinder
  2596 | D:4      | Killed Grinder
  2596 | D:4      | Reached skill level 1 in Earth Magic
  2596 | D:4      | Reached XP level 6. HP: 21/53 MP: 4/6
  3145 | D:4      | Noticed Natasha
  3151 | D:4      | Killed Natasha
  3151 | D:4      | Reached skill level 5 in Fighting
  3151 | D:4      | Reached XP level 7. HP: 60/61 MP: 7/7
  3309 | D:4      | Noticed Blork the orc
  3322 | D:4      | Killed Blork the orc
  3338 | D:4      | Reached skill level 6 in Staves
  3404 | D:4      | Found Vuusuoty's Assorted Antiques.
  3585 | D:4      | Noticed Natasha
  3590 | D:4      | Killed Natasha
  3645 | D:5      | Entered Level 5 of the Dungeon
  3716 | D:5      | Noticed Menkaure
  3720 | D:5      | Killed Menkaure
  3850 | D:5      | Found a stormy altar of Qazlal.
  3895 | D:5      | Found a staircase to the Ecumenical Temple.
  3899 | Temple   | Entered the Ecumenical Temple
  3939 | Temple   | Became a worshipper of Warmaster Okawaru
  4073 | D:5      | Reached XP level 8. HP: 23/70 MP: 8/8
  4723 | D:5      | Found Hooddaos's Assorted Antiques.
  4921 | D:6      | Reached skill level 7 in Staves
  4921 | D:6      | Reached skill level 5 in Dodging
  4925 | D:6      | Reached * piety under Okawaru
  5682 | D:7      | Identified Eliang's Handbook of Creative Cold
  5814 | D:7      | Reached skill level 8 in Staves
  5814 | D:7      | Reached XP level 9. HP: 68/79 MP: 10/10
  5889 | D:7      | Reached ** piety under Okawaru
  6050 | D:7      | Reached skill level 5 in Armour
  6351 | D:7      | Reached skill level 9 in Staves
  6458 | D:7      | Found a sacrificial altar of Ru.
  6638 | D:8      | Reached *** piety under Okawaru
  7077 | D:8      | Found an ancient bone altar of Kikubaaqudgha.
  7134 | D:8      | Reached XP level 10. HP: 91/91 MP: 12/12
  7977 | D:9      | Received a gift from Okawaru
  7992 | D:9      | Found a staircase to the Orcish Mines.
  7994 | D:9      | Found Isunaise's Armour Shoppe.
  8097 | D:9      | Found a radiant altar of Vehumet.
  8231 | D:9      | Noticed a cyclops
  8239 | D:9      | Killed a cyclops
  8239 | D:9      | Reached skill level 10 in Staves
  8245 | D:9      | Noticed a deep elf mage
  8245 | D:9      | Noticed a death yak
  8245 | D:9      | Noticed an orc high priest
  8245 | D:9      | Noticed a hill giant
  8273 | D:9      | Killed a death yak
  8273 | D:9      | Reached **** piety under Okawaru
  8273 | D:9      | Reached skill level 5 in Evocations
  8284 | D:9      | Killed from afar by a deep elf mage

Vault maps used:
D:1:      minmay_arrival_three_doors, nicolae_ashenzari_panopticon
D:2:      lemuel_crystal_altar, bloody_trog, first_bread, ecumenical_altar_2,
          nicolae_dithmenos_through_a_glass_darkly
D:3:      uniq_jessica, uniq_terence
D:4:      serial_shops, shop, uniq_natasha, uniq_grinder, uniq_blork_the_orc
D:5:      nicolae_qazlal_general_emergency, serial_shops, nicolae_shop_trees,
          uniq_menkaure
D:7:      nicolae_ru_path_of_blood, grunt_livestock
D:8:      lemuel_zombie_altar_kikubaaqudgha
D:9:      minmay_sliced_demisemicircle, vehumet_altar_wand_db, orc_david_3,
          serial_shops, shop_statue
Temple:   minmay_temple_curvy_branch

Skill      XL: |  1  2  3  4  5  6  7  8  9 10 |
---------------+-------------------------------+-----
Fighting       | 3 4 5 6 7 9 |  9.9
Staves         | 4 5 6 8 9 10 | 10.3
Armour         | 1 2 3 4 5 6 |  6.3
Evocations     | 1 2 3 4 5 |  5.0
Throwing       | 3 |  3.1
Dodging        | 4 5 6 |  6.7
Earth Magic    | 1 2 3 4 |  4.2

Action                   |  1- 3 |  4- 6 |  7- 9 | 10-12 || total
-------------------------+-------+-------+-------+-------++-------
Melee: Quarterstaff      |    85 |   102 |   325 |   111 ||   623
       Headbutt          |    11 |    17 |    68 |    35 ||   131
Throw: Throwing net      |       |       |     3 |       ||     3
       Tomahawk          |       |       |     9 |     2 ||    11
Invok: Heroism           |       |       |       |     2 ||     2
  Use: Scroll            |       |       |    10 |    10 ||    20
Armor: Chain mail        |    54 |    56 |   112 |    39 ||   261
Dodge: Dodged            |    30 |    42 |   105 |    40 ||   217
